 Dungeon Crawl Stone Soup version 0.26.0-41-g79a4fc7684 (webtiles) character file.

Game seed: 15320189930034284120

345 thiole the Sneak (level 6, -8/38 HPs)
             Began as an Octopode Hedge Wizard on Jan 26, 2021.
             Mangled by an ogre
             ... wielding a +0 giant club
              (27 damage)
             ... on level 4 of the Dungeon.
             The game lasted 00:08:02 (5462 turns).

thiole the Sneak (Octopode Hedge Wizard)            Turns: 5462, Time: 00:08:03

Health: -8/38      AC:  1    Str:  9    XL:     6   Next: 58%
Magic:  1/12       EV: 13    Int: 21    God:
Gold:   179        SH:  0    Dex: 12    Spells: 5/13 levels left

rFire    . . .     SeeInvis .   w - +3 whip "Vyl Faij" {freeze, *Corrode rElec Will++ Int+3} (curse)
rCold    . . .     Faith    .   (no shield)
rNeg     . . .     Spirit   .   b - +0 hat
rPois    .         Reflect  .   t - amulet of inaccuracy (curse)
rElec    +         Harm     .   k - ring of wizardry
rCorr    .         Rampage  .   p - ring of wizardry
Will     ++...                  (no ring)
Stlth    ++++......             (no ring)
HPRegen  0.12/turn              (no ring)
MPRegen  0.13/turn              (no ring)
                                (no ring)
                                (no ring)

@: no status effects
A: almost no armour, stealthy swim, amphibious, 8 rings, constrict 8, camouflage
1, gelatinous body 1
a: no special abilities


You were on level 4 of the Dungeon.
You visited 1 branch of the dungeon, and saw 4 of its levels.

You collected 179 gold pieces.

Inventory:

Hand Weapons
 a - a +0 dagger
 l - a +1 short sword of draining
 w - the cursed +3 whip "Vyl Faij" (weapon) {freeze, *Corrode rElec Will++ Int+3}
   (You took it off an orc on level 4 of the Dungeon)

   It has been specially enchanted to freeze those struck by it, causing extra
   injury to most foes and up to half again as much damage against particularly
   susceptible opponents.
   It can also slow down cold-blooded creatures.
   It affects your intelligence (+3).
   It insulates you from electricity.
   It affects your willpower, your defense against some magical effects.
   It may corrode you when you take damage.
   It has a curse placed upon it.
Missiles
 m - 94 stones
Armour
 b - a +0 hat (worn)
Jewellery
 k - a ring of wizardry (left tentacle)
 p - a ring of wizardry (right tentacle)
 q - an uncursed amulet of magic regeneration
 t - a cursed amulet of inaccuracy (around mantle)
 u - a cursed ring of teleportation {unknown}
Wands
 r - a wand of polymorph (9)
Scrolls
 h - 3 scrolls of enchant weapon
 j - 3 scrolls of remove curse
Potions
 c - a potion of ambrosia
 d - a potion of invisibility {unknown}
 e - 2 potions of haste {unknown}
 i - a potion of flight {unknown}
 n - a potion of magic {unknown}
 o - 2 potions of brilliance {unknown}
 s - 2 potions of lignification {unknown}


   Skills:
 + Level 1.5 Fighting
 - Level 2.0 Dodging
 - Level 5.0 Stealth
 - Level 4.0 Spellcasting
 - Level 2.0 Conjurations
 - Level 2.0 Hexes
 - Level 2.0 Summonings
 - Level 1.0 Translocations
 - Level 2.0 Air Magic
 - Level 2.0 Poison Magic


You had 5 spell levels left.
You knew the following spells:

 Your Spells              Type           Power        Failure   Level
a - Magic Dart            Conj           48%          1%          1
b - Call Imp              Summ           12%          2%          2
c - Slow                  Hex            12%          2%          2
d - Mephitic Cloud        Conj/Pois/Air  12%          4%          3

Your spell library contained the following spells:

 Spells                   Type           Power        Failure   Level
 Blink                    Tloc           N/A          3%          2
 Conjure Flame            Conj/Fire      8%           7%          3


Dungeon Overview and Level Annotations

Branches:
Dungeon (4/15)
 Temple: D:4-7

Altars:


Innate Abilities, Weirdness & Mutations

You cannot wear most types of armour.
You are very stealthy in the water. (Stealth+)
You are amphibious.
You can wear up to eight rings at the same time.
You can use your tentacles to constrict eight enemies at once.
Your skin changes colour to match your surroundings (Stealth+).
Your rubbery body absorbs attacks. (AC +1, EV +1)


Message History

The ogre shouts!
You whack the adder!
The adder seems to slow down.
You freeze the adder.
You kill the adder!
Casting: Magic Dart (safe; 1% risk of failure)
Confirm with . or Enter, or press ? or * to list all spells.
A beastly little devil appears in a puff of flame.
Your crimson imp hits the ogre.
Your crimson imp blinks!
Casting: Call Imp (safe; 2% risk of failure)
Confirm with . or Enter, or press ? or * to list all spells.
A beastly little devil appears in a puff of flame.
Your crimson imp hits the ogre.
The ogre closely misses you.
Your crimson imp hits the ogre.
Your crimson imp hits the ogre.
The ogre hits you with a +0 giant club!
Your crimson imp hits the ogre.
You hit the ogre but do no damage.
The ogre is moderately wounded.
The ogre hits you with a +0 giant club!!
Ouch! That really hurt!
You die...

#...5....# #...
#.....(..# #...
#5######## #...
#.# #... #.# #...
#.# ###† #######.#
#. ......5O# ##
.......@# #
........# ######
#######.# #....
....... #.# #....
..).[.. #.# ...
....... #.# #.#
#.##### #.#
##.####.##### #.#
#....##.#....
#[####....##.#.###


You could see an ogre and 2 friendly crimson imps.

Vanquished Creatures
  A centaur (D:4)
  A hound (D:4)
  A hound skeleton (D:4)
  7 adders
  4 worms (D:2)
  2 dart slugs (D:1)
  3 leopard geckos
  4 orcs (D:4)
  7 bats
  5 giant cockroaches
  6 goblins
  5 hobgoblins
  4 quokkas
  A ball python (D:4)
  2 frilled lizards (D:3)
  13 kobolds
  A quokka skeleton (D:4)
  8 rats
75 creatures vanquished.

Vanquished Creatures (collateral kills)
  An ogre (D:4)
  2 iguanas (D:4)
  An adder (D:4)
  2 orcs (D:4)
6 creatures vanquished.

Grand Total: 81 creatures vanquished

Notes
Turn   | Place    | Note
-------+----------+-------------------------------------------
     0 | D:1      | thiole the Octopode Hedge Wizard began the quest for the
                  | Orb.
     0 | D:1      | Reached XP level 1. HP: 11/11 MP: 4/4
   302 | D:1      | Reached XP level 2. HP: 17/17 MP: 4/6
   703 | D:1      | Reached skill level 3 in Stealth
   904 | D:1      | Reached XP level 3. HP: 21/21 MP: 5/7
  1432 | D:1      | Learned a level 2 spell: Call Imp
  1435 | D:1      | Learned a level 2 spell: Slow
  1439 | D:1      | Learned a level 3 spell: Mephitic Cloud
  2021 | D:2      | Reached XP level 4. HP: 26/27 MP: 0/8
  2230 | D:2      | Reached skill level 1 in Hexes
  2447 | D:2      | Reached skill level 1 in Air Magic
  3914 | D:3      | Reached XP level 5. HP: 24/31 MP: 0/10
  4522 | D:4      | Noticed a phantom
  4557 | D:4      | Reached skill level 4 in Stealth
  4557 | D:4      | Noticed an ogre
  4571 | D:4      | Killed an ogre
  4984 | D:4      | Reached skill level 1 in Poison Magic
  4984 | D:4      | Reached XP level 6. HP: 37/37 MP: 9/11
  5057 | D:4      | Reached skill level 5 in Stealth
  5172 | D:4      | Reached skill level 1 in Fighting
  5238 | D:4      | Identified the cursed +3 whip "Vyl Faij" {freeze, *Corrode
                  | rElec Will++ Int+3}
  5462 | D:4      | Mangled by an ogre

Illustrated notes

Levels and vault maps discovered:
D:1:      psy_arrival_dodecagon, layout_basic
D:2:      layout_basic, due_unseen_surprise
D:3:      layout_basic
D:4:      layout_basic

Skill      XL: |  1  2  3  4  5  6 |
---------------+-------------------+-----
Stealth        | 3 4 5 |  5.0
Conjurations   | 2 |  2.0
Summonings     | 2 |  2.0
Hexes          | 1 2 |  2.0
Air Magic      | 1 2 |  2.0
Poison Magic   | 1 2 |  2.0
Fighting       | 1 |  1.5
Spellcasting   | 4 |  4.0
Dodging        | |  2.0
Translocations | |  1.0

Action                   |  1- 3 |  4- 6 || total
-------------------------+-------+-------++-------
Melee: Dagger            |     6 |       ||     6
       Constrict         |     5 |    13 ||    18
       Tentacles         |     3 |    10 ||    13
       Short sword       |    14 |    46 ||    60
       Whip              |       |     8 ||     8
 Cast: Magic Dart        |    72 |   146 ||   218
       Call Imp          |       |    31 ||    31
  Use: Scroll            |       |     5 ||     5
       Potion            |       |     2 ||     2
Armor: Skin              |       |     5 ||     5
Dodge: Dodged            |    16 |    59 ||    75
